AoeStats
← flynorc

Four Lakes

507129711Analyzed
1v1 RM · 16d ago on Sep 16, 2026· 49m 14s· 2 players
Game mode
Random Map
Map size
Tiny (2 player)
Population
200
Speed
Normal
Resources
Standard
Victory
Conquest
Starting age
Dark Age
Ending age
Imperial Age
RankedLock teamsTeams togetherTeam positionsShared explorationLock speedFull tech treeHidden civsTurbo modeCheats
Victory
Defeat
🇦🇹 Celts · Austria
1571
+11
🇬🇪 Britons · Georgia
1469
-11
jempajempa
8:32 Loom
10:18 Feudal Age
14:39 Castle Age
13:08 Double-Bit Axe
15:44 Bow Saw
15:34 Fishing Lines
19:29 Horse Collar
20:31 Town Watch
20:55 Gillnets
23:04 Wheelbarrow
24:04 Fletching
24:14 Padded Archer Armor
28:59 Imperial Age
26:24 Crossbowman
27:46 Ballistics
29:11 Bodkin Arrow
29:35 Leather Archer Armor
29:10 Arbalester
30:59 Light Cavalry
31:40 Husbandry
31:45 Bracer
32:12 Conscription
33:47 Scale Barding Armor
34:15 Ring Archer Armor
34:20 Yeomen
34:38 Hand Cart
35:44 Chain Barding Armor
35:48 Forging
36:05 Stone Mining
36:05 Gold Mining
37:42 Plate Barding Armor
40:56 Iron Casting
42:30 Squires
41:50 Pikeman
42:32 Scale Mail Armor
45:10 Chain Mail Armor
44:20 Halberdier
flynorc
4:57 Loom
12:08 Feudal Age
14:01 Fishing Lines
16:56 Castle Age
15:01 Double-Bit Axe
18:06 Bow Saw
18:26 Gillnets
19:01 Fletching
20:52 Wheelbarrow
25:10 Imperial Age
22:43 Guard Tower
23:31 Forging
25:02 Scale Barding Armor
25:57 Gold Mining
25:35 Light Cavalry
25:56 Capped Ram
27:49 Gold Shaft Mining
26:56 Horse Collar
27:13 Bodkin Arrow
27:45 Padded Archer Armor
28:18 Hand Cart
27:49 Town Watch
28:29 Elite Skirmisher
30:04 Leather Archer Armor
30:54 Chemistry
31:18 Ring Archer Armor
31:12 Hussar
31:53 Husbandry
33:22 Pikeman
34:52 Chain Barding Armor
35:07 Iron Casting
34:52 Heavy Plow
35:06 Cavalier
37:05 Halberdier
37:58 Paladin
40:28 Blast Furnace
43:14 Siege Ram
44:18 Ballistics
47:34 Stone Mining
47:56 Masonry
47:52 Siege Engineers
Connection lost

Rejoining the realm…

Still unreachable

The connection could not be restored.

Session expired

The server has moved on; the page needs a fresh start.